 Dungeon Crawl Stone Soup version 0.17-a0-737-gf0a300a (webtiles) character file.

170 Jine the Ducker (level 5, -1/40 HPs)
             Began as a Demonspawn Gladiator on May 7, 2015.
             Slain by a gnoll
             ... wielding a +2 whip of holy wrath
              (6 damage)
             ... on level 3 of the Dungeon.
             The game lasted 00:11:46 (2915 turns).

Jine the Ducker (Demonspawn Gladiator)              Turns: 2915, Time: 00:11:46

Health: -1/40      AC:  6    Str: 15    XL:     5   Next: 25%
Magic:  2/5        EV: 15    Int: 14    God:
Gold:   100        SH:  2    Dex: 15    Spells: 0 memorised, 4 levels left

rFire  . . .     SeeInvis .     a - +0 flail
rCold  . . .     Clarity  .     b - +0 leather armour
rNeg   . . .     SustAb   .     (no shield)
rPois  .         Gourm    .     c - +0 helmet
rElec  .         Spirit   .     (no cloak)
rCorr  .         Warding  .     (no gloves)
rMut   .         Stasis   .     (no boots)
MR     .....                    (no amulet)
Stlth  +.........               (no ring)
                                t - +1 ring of evasion

@: brilliant, glowing, not resistant to hostile enchantments, very unstealthy
A: large bone plates 1, nightstalker 1, spiny 1
a: no special abilities


You were on level 3 of the Dungeon.
You were not hungry.

You visited 1 branch of the dungeon, and saw 3 of its levels.

You collected 100 gold pieces.

Inventory:

Hand weapons
 a - a +0 flail (weapon)
Missiles
 d - 5 throwing nets (quivered)
 e - 12 silver bolts
 m - 4 javelins
Armour
 b - a +0 leather armour (worn)
 c - a +0 helmet (worn)
 i - a +0 robe
Jewellery
 t - a +1 ring of evasion (left hand)
Scrolls
 h - 3 scrolls of remove curse {unknown}
 k - 4 scrolls of identify {unknown}
 l - a scroll of enchant weapon {unknown}
 q - a scroll of magic mapping {unknown}
 r - a scroll of recharging {unknown}
 s - a scroll of fear {unknown}
 u - 2 scrolls of fog {unknown}
Potions
 f - a potion of heal wounds
 o - a potion of brilliance
Comestibles
 g - a meat ration
 j - 3 fruits
 p - a beef jerky


   Skills:
 + Level 2.8 Fighting
 + Level 3.3 Maces & Flails
 + Level 2.0 Throwing
 + Level 1.2 Armour
 + Level 4.2 Dodging
 + Level 0.2 Stealth


You had 4 spell levels left.
You didn't know any spells.

Dungeon Overview and Level Annotations

Branches:
Dungeon (3/15)

Altars:
Zin


Innate Abilities, Weirdness & Mutations

You are partially covered in large bone plates (AC +2, SH +2).
You are slightly more attuned to the shadows.
You are partially covered in sharp spines.


Message History

The gnoll shaman hits you with a whip.
You barely miss the gnoll shaman.
The gnoll shaman is severely wounded.
The gnoll hits you with a whip. The gnoll shaman hits you with a whip.
The gnoll closely misses you.
You sock the gnoll shaman!
You kill the gnoll shaman!
The gnoll closely misses you.
You closely miss the gnoll. The gnoll closely misses you. The gnoll misses you.
You hit the gnoll but do no damage. The gnoll closely misses you.
The gnoll is struck by your spines.
The gnoll hits you with a whip of holy wrath.
* * * LOW HITPOINT WARNING * * *
You convulse.
* * * LOW HITPOINT WARNING * * *
The gnoll closely misses you.
The gnoll hits you with a whip of holy wrath.
* * * LOW HITPOINT WARNING * * *
You convulse.
You die...

.............#####....
..#######.............
. #.............
#...........##
#.............
#.....÷.......
#)............
#####.............
#@g.......).......
#g################ #O#
#g# #######g########
.......gg........
≈≈≈≈≈≈....≈≈≈≈≈≈
≈≈≈≈≈≈....≈≈≈≈≈≈
≈≈≈≈≈≈....≈≈≈≈≈≈


You could see an ogre, a gnoll shaman and 5 gnolls.

Vanquished Creatures
  A gnoll shaman (D:3)
  2 gnolls (D:3)
  5 adders
  2 worms (D:2)
  A giant gecko (D:2)
  An orc (D:3)
  2 ball pythons (D:2)
  10 bats
  4 giant cockroaches (D:1)
  10 goblins
  10 hobgoblins
  5 jackals
  10 kobolds
  5 giant newts
  5 rats
73 creatures vanquished.

Notes
Turn   | Place    | Note
--------------------------------------------------------------
     0 | D:1      | Jine, the Demonspawn Gladiator, began the quest for the Orb.
     0 | D:1      | Reached XP level 1. HP: 16/16 MP: 1/1
   201 | D:1      | Reached skill level 3 in Dodging
   238 | D:1      | Gained mutation: You are partially covered in sharp spines. [demonic ancestry]
   238 | D:1      | Reached XP level 2. HP: 19/22 MP: 2/2
   911 | D:1      | Gained mutation: You are partially covered in large bone plates (AC +2, SH +2). [demonic ancestry]
   911 | D:1      | Reached XP level 3. HP: 26/28 MP: 3/3
  1636 | D:2      | Reached skill level 1 in Armour
  1755 | D:2      | Reached XP level 4. HP: 27/34 MP: 4/4
  2086 | D:3      | Found a glowing silver altar of Zin.
  2246 | D:3      | Reached skill level 4 in Dodging
  2572 | D:3      | Gained mutation: You are slightly more attuned to the shadows. [demonic ancestry]
  2572 | D:3      | Reached XP level 5. HP: 4/39 MP: 5/5
  2864 | D:3      | Noticed an ogre
  2915 | D:3      | Slain by a gnoll

Action                   |  1- 3 |  4- 6 || total
-------------------------+-------+-------++-------
Melee: Flail             |   137 |   107 ||   244
  Use: Potion            |       |     3 ||     3
  Eat: Bread ration      |     1 |     1 ||     2
